 Dungeon Crawl Stone Soup version 0.24-a0-139-geb6712d (console) character file.

Game seed: 10632843441479532784

44 bli the Skirmisher (level 3, 0/29 HPs)
             Began as a Formicid Abyssal Knight on Mar 2, 2019.
             Was a Follower of Lugonu.
             Slain by a howler monkey (3 damage)
             ... on level 2 of the Dungeon.
             The game lasted 00:04:23 (1323 turns).

bli the Skirmisher (Formicid Abyssal Knight)        Turns: 1323, Time: 00:04:23

Health: 0/29       AC:  5    Str: 17    XL:     3   Next: 87%
Magic:  4/4        EV: 11    Int: 11    God:    Lugonu [*.....]
Gold:   69         SH:  0    Dex: 10    Spells: 2/2 levels left

rFire    . . .     SeeInvis +   a - +1 falchion
rCold    . . .     Gourm    .   (no shield)
rNeg     . . .     Faith    .   p - +0 ring mail (curse)
rPois    .         Spirit   .   (helmet unavailable)
rElec    .         Reflect  .   (no cloak)
rCorr    .         Harm     .   (no gloves)
MR       .....                  (no boots)
Stlth    ..........             (no amulet)
HPRegen  0.09/turn              (no ring)
MPRegen  0.09/turn              (no ring)

@: no status effects
A: permanent stasis, dig shafts and tunnels, four strong arms, antennae 3
a: Dig, Shaft Self, Depart the Abyss, Renounce Religion


You were on level 2 of the Dungeon.
You worshipped Lugonu.
Lugonu was aware of your devotion.
You were hungry.

You visited 1 branch of the dungeon, and saw 2 of its levels.
You visited the Abyss 1 time.

You collected 69 gold pieces.

Inventory:

Hand Weapons
 a - a +1 falchion (weapon)
Missiles
 e - 30 stones (quivered)
 o - 5 poisoned needles
Armour
 b - a +0 leather armour
 j - a +0 scale mail
 p - a cursed +0 ring mail (worn)
 q - a cursed +0 ring mail
Scrolls
 d - a scroll of identify {unknown}
 g - a scroll of teleportation {unknown}
 h - a scroll of blinking {unknown}
 i - a scroll of amnesia {unknown}
Potions
 k - a potion of curing {unknown}
 l - a potion of heal wounds {unknown}
 m - a potion of haste {unknown}
 n - a potion of resistance {unknown}
Comestibles
 c - 3 rations
 f - 2 chunks of flesh


   Skills:
 + Level 3.4 Fighting
 + Level 3.1 Long Blades
 + Level 2.5 Armour
 * Level 1.5 Dodging
 + Level 2.3 Invocations


You had 2 spell levels left.
You didn't know any spells.
Your spell library was empty.

Dungeon Overview and Level Annotations

Branches:
Dungeon (2/15)

Altars:
Vehumet


Innate Abilities, Weirdness & Mutations

You cannot be hasted, slowed, berserked, paralysed or teleported.
You can dig through walls and to a lower floor.
Your four strong arms can wield two-handed weapons with a shield.
You have a pair of large antennae on your head. (SInv)


Message History

The howler monkey hoots and howls with incredible vigour!
You barely miss the howler monkey.
The howler monkey is lightly wounded.
The howler monkey hits you.
You hit the howler monkey.
The howler monkey is heavily wounded.
The howler monkey closely misses you.
The howler monkey hits you but does no damage.
You closely miss the howler monkey.
The howler monkey is heavily wounded.
The howler monkey hits you.
* * * LOW HITPOINT WARNING * * *
You barely miss the howler monkey.
The howler monkey is heavily wounded.
The howler monkey hits you.
* * * LOW HITPOINT WARNING * * *
You hit the howler monkey but do no damage.
The howler monkey is heavily wounded.
The howler monkey closely misses you. The howler monkey hits you.
You die...

###.##.####รท.####.#
................>.#
....##............##
###.####.##......... .
#.####.##..#######
.##.................
..........#..#######
..######..#....# #.#
##..#.##.######.#.
#.###.....#.#...........
....#.....#.####@####.#
................h.......
....#....############.#.
........... {
....####.## ##..# .#
....####.###
...........#
...........#
...........#
...........#


You could see a howler monkey.

Vanquished Creatures
  An adder (D:2)
  3 dart slugs
  4 bats (D:1)
  4 giant cockroaches
  3 goblins
  2 hobgoblins
  4 jackals (D:2)
  2 kobolds (D:1)
  A frilled lizard (D:2)
  3 rats (D:1)
27 creatures vanquished.

Notes
Turn   | Place    | Note
-------+----------+-------------------------------------------
     0 | Abyss:1  | bli the Formicid Abyssal Knight began the quest for the
                  | Orb.
     0 | Abyss:1  | Reached XP level 1. HP: 18/18 MP: 2/2
    30 | Abyss:1  | Noticed an earth elemental
    52 | Abyss:1  | Noticed a small abomination
    69 | Abyss:1  | Noticed a ynoxinul
    79 | D:1      | Escaped the Abyss
    88 | D:1      | Reached skill level 1 in Dodging
   104 | D:1      | Reached XP level 2. HP: 5/24 MP: 3/3
   341 | D:1      | Reached * piety under Lugonu
   859 | D:1      | Reached XP level 3. HP: 23/29 MP: 4/4
  1077 | D:2      | Found a radiant altar of Vehumet.
  1323 | D:2      | Slain by a howler monkey

Levels and vault maps discovered:
D:1:      wander_arrival_chamber, layout_loops_ring
D:2:      layout_basic, chequers_temple_overflow_statue_of_worship,
          lemuel_doored_altar, chequers_ecumenical_altar_simple_redux
Abyss:1:  minivault_22

Skill      XL: |  1  2  3 |
---------------+----------+-----
Dodging        | 1 |  1.5
Long Blades    | 3 |  3.1
Fighting       | |  3.4
Armour         | |  2.5
Invocations    | |  2.3

Action                   || total
-------------------------++-------
Melee: Falchion          ||    86
Invok: Depart the Abyss  ||     1
 Abil: Dig               ||     2
  Eat: Chunk             ||     1
Armor: Leather armour    ||    21
       Ring mail         ||    16
Dodge: Dodged            ||    58
       Rpst.: Falchion   ||    17

Table legend:
 A = Non-vault XP
 B = Vault XP
 C = Vault XP percentage of total XP
 D = Non-vault monster count
 E = Vault monster count
 F = Vault count percentage of total count
                 A         B        C        D         E       F
            +---------+---------+-------+---------+---------+-------
      Total |      64 |       0 |   0.0 |      27 |       0 |   0.0
            +---------+---------+-------+---------+---------+-------
        D:1 |      32 |       0 |   0.0 |      17 |       0 |   0.0
        D:2 |      32 |       0 |   0.0 |      10 |       0 |   0.0
            +---------+---------+-------+---------+---------+-------
